 Dungeon Crawl Stone Soup version 0.32-a0-938-g40ac7a0f4d (webtiles) character file.

Game seed: 4550457628602451374

147 smashvw the Shooter (level 5, -3/42 HPs)
             Began as a Draconian Hunter on Apr 16, 2024.
             Slain by an orc priest
             ... wielding a +0 mace
              (4 damage)
             ... on level 3 of the Dungeon.
             The game lasted 00:05:40 (1529 turns).

smashvw the Shooter (Draconian Hunter)              Turns: 1529, Time: 00:05:41

Health: -3/42      AC:  5    Str: 13    XL:     5   Next: 7%
Magic:  5/5        EV: 11    Int: 10    God:
Gold:   71         SH:  0    Dex: 16    Spells: 4/4 levels left

rFire   . . .        a - +0 shortbow
rCold   . . .        (shield currently unavailable)
rNeg    . . .        (body armour unavailable)
rPois   .            (helmet restricted)
rElec   .            (no cloak)
rCorr   .            (no gloves)
SInv    .            (no boots)
Will    .....        f - amulet of faith
Stlth   ++           (no ring)
HPRegen 0.27/turn    (no ring)
MPRegen 0.09/turn

%: faith
@: no status effects
A: AC +5, unfitting armour, cold-blooded
a: Convert to Beogh


You were on level 3 of the Dungeon.
You visited 1 branch of the dungeon, and saw 3 of its levels.

You collected 71 gold pieces.

Inventory:

Hand Weapons
 a - a +0 shortbow (weapon)
Jewellery
 f - an amulet of faith (around neck)
Scrolls
 b - a scroll of butterflies
 c - 2 scrolls of identify {unknown}
 e - a scroll of revelation {unknown}
 g - a scroll of enchant weapon {unknown}
 h - a scroll of blinking {unknown}
 j - 3 scrolls of brand weapon {unknown}
Potions
 d - 2 potions of invisibility {unknown}
 i - a potion of resistance {unknown}


   Skills:
 + Level 2.6 Fighting
 + Level 5.1 Ranged Weapons
 + Level 2.3 Dodging
 - Level 2.0 Stealth


You had 4 spell levels left.
You didn't know any spells.
Your spell library contained the following spells:

 Spells                   Type           Power      Damage    Failure   Level
 Ensorcelled Hibernation  Hex/Ice        0%         N/A       50%         2
 Passwall                 Erth           0%         N/A       75%         3
 Summon Ice Beast         Ice/Summ       0%         N/A       75%         3
 Swiftness                Air            0%         N/A       75%         3
 Summon Mana Viper        Hex/Summ       0%         N/A       100%        5
 Monstrous Menagerie      Summ           0%         N/A       100%        7


Dungeon Overview and Level Annotations

Branches:
Dungeon (3/15)

Altars:


Innate Abilities, Weirdness & Mutations

Your plain brown scales are hard. (AC +5)
You cannot fit into any form of body armour.
You are cold-blooded and may be slowed by cold attacks.


Message History

The arrow completely misses the orc priest.
The orc priest hits you with a +0 club. The orc priest closely misses you.
You are too injured to fight recklessly!
You are too injured to fight recklessly!
You are too injured to fight recklessly!
You shoot an arrow. The arrow hits the orc priest.
The orc priest is almost dead.
The orc priest hits you with a +0 club.
The orc priest hits you but does no damage.
The orc priest casts a cantrip, but nothing happens.
The orc priest hits you with a +0 mace!
* * * LOW HITPOINT WARNING * * *
You shoot an arrow. The arrow barely misses the orc priest.
The orc priest hits you with a +0 mace.
* * * LOW HITPOINT WARNING * * *
The orc priest barely misses you.
You shoot an arrow. The arrow hits the orc priest.
You kill the orc priest!
The orc priest hits you with a +0 mace.
* * * LOW HITPOINT WARNING * * *
You have reached level 5!
You shoot an arrow. The arrow barely misses the orc priest.
The orc priest hits you but does no damage.
You shoot an arrow. The arrow barely misses the orc priest.
The orc priest shouts, "Surrender to Beogh and we'll let you live!"
The orc priest hits you but does no damage.
You shoot an arrow. The arrow hits the orc priest!
The orc priest is heavily wounded.
The orc priest hits you with a +0 mace.
* * * LOW HITPOINT WARNING * * *
You shoot an arrow.
The arrow hits the orc priest but does no damage.
The orc priest shouts, "Beogh offers mercy even to people such as you.
Join us and be reborn!"
The orc priest is heavily wounded.
The orc priest threatens, "Beogh's wrath is as vast as their mercy.
Make your choice!" The orc priest hits you with a +0 mace.
* * * LOW HITPOINT WARNING * * *
The orc priest shouts, "The Pantheon deserves no one's loyalty.
Let us show you the true path!" The orc priest hits you with a +0 mace.
You die...

#.####.# #.# #......#
#.# ######## #.# #.#
#############.#
............).##
...............#######..
.......#........#)....).
.......#..<.....@o......
.......#....##..#.......
................######..
.......##...<...#
##########.##.#.# #
#######......# ##
#.....####.####### .#
#.###.# #.......#
.###.###.####.#####.#


You could see an orc priest.

Vanquished Creatures
  An orc priest (D:3)
  Terence (D:2)
  3 adders
  2 dart slugs
  3 ribbon worms (D:2)
  2 orcs (D:3)
  5 ball pythons
  6 bats
  7 endoplasms
  A giant cockroach (D:1)
  3 goblins
  5 hobgoblins
  2 jackals (D:2)
  3 kobolds
  5 frilled lizards
  2 rats (D:1)
51 creatures vanquished.

Notes
Turn   | Place    | Note
-------+----------+-------------------------------------------
     0 | D:1      | smashvw the Draconian Hunter began the quest for the Orb.
     0 | D:1      | Reached XP level 1. HP: 17/17 MP: 1/1
    31 | D:1      | Reached skill level 1 in Stealth
   111 | D:1      | Reached XP level 2. HP: 23/24 MP: 2/2
   241 | D:1      | Reached skill level 4 in Ranged Weapons
   368 | D:1      | Reached XP level 3. HP: 24/29 MP: 3/3
   892 | D:2      | Noticed Terence
   910 | D:2      | Killed Terence
   911 | D:2      | Reached XP level 4. HP: 24/36 MP: 4/4
   959 | D:2      | Reached skill level 5 in Ranged Weapons
  1526 | D:3      | Reached XP level 5. HP: 7/42 MP: 5/5
  1529 | D:3      | HP: 1/42 [orc priest/+0 mace (2)]
  1529 | D:3      | Slain by an orc priest

Illustrated notes

Levels and vault maps discovered:
D:1:      wheals_arrival_shading, layout_basic
D:2:      layout_loops_ring, uniq_terence
D:3:      layout_loops_cross, hellmonk_ecumenical_altar_arch_garden

Skill      XL: |  1  2  3  4 |
---------------+-------------+-----
Stealth        | 2 |  2.0
Dodging        | 2 |  2.3
Ranged Weapons | 4 5 |  5.1
Fighting       | |  2.6

Action                     |  1- 3 |  4- 6 || total
---------------------------+-------+-------++-------
   Fire: Shortbow          |   165 |    53 ||   218
 Armour: Skin              |    41 |    24 ||    65
  Dodge: Dodged            |    53 |    22 ||    75

Table legend: (Time is in decaauts)
 A = Elapsed time spent in this place.
 B = Non-inter-level travel time spent in this place.
 C = Inter-level travel time spent in this place.
 D = Time resting spent in this place.
 E = Time spent auto-exploring this place.
 F = Levels seen in this place.
 G = Mean time per level.
                   A        B        C        D        E       F      G
               +--------+--------+--------+--------+--------+-----+--------+
         Total |   1568 |   1533 |     35 |      0 |   1177 |   3 |  522.7 |
       Dungeon |   1568 |   1533 |     35 |      0 |   1177 |   3 |  522.7 |
               +--------+--------+--------+--------+--------+-----+--------+

Top non-repeatable levels by time:
     D:2: 866 daAuts
     D:1: 526 daAuts
     D:3: 175 daAuts
